 Dungeon Crawl Stone Soup version 0.27-a0-457-gba82baf56e (webtiles) character file.

Game seed: 1812903956786025363

22379 Chiseanne the Fighter (level 12, -6/102 HPs)
             Began as a Demonspawn Wanderer on Feb 28, 2021.
             Was an Initiate of Gozag.
             Mangled by Rupert
             ... wielding a +0 triple sword of electrocution
              (12 damage)
             ... while paralysed
             ... on level 13 of the Dungeon.
             The game lasted 00:33:32 (20408 turns).

Chiseanne the Fighter (Demonspawn Wanderer)        Turns: 20408, Time: 00:33:33

Health: -6/102     AC: 20    Str: 17    XL:     12   Next: 62%
Magic:  0/22       EV:  2    Int: 15    God:    Gozag
Gold:   2116       SH:  0    Dex: 17    Spells: 11/11 levels left

rFire    + . .     SeeInvis .   a - +2 scimitar (freeze)
rCold    + . .     Faith    .   q - +1 tower shield
rNeg     . . .     Spirit   +   n - +3 leather armour {rF+}
rPois    .         Reflect  .   G - +3 hat of Pondering {ponderous, Will+ MP+10 Int+5}
rElec    .         Harm     .   g - +0 cloak
rCorr    .         Rampage  .   y - +2 pair of gloves
Will     +....                  I - +1 pair of boots
Stlth    ++........             l - amulet of guardian spirit
HPRegen  0.27/turn              (no ring)
MPRegen  0.18/turn              t - ring of protection from cold

@: paralysed, mighty, berserk cooldown, hasted and slowed, slow
A: horns 1, thin metallic scales 2
a: Renounce Religion, Potion Petition, Call Merchant, Bribe Branch


You were on level 13 of the Dungeon.
You worshipped Gozag.
Gozag was most pleased with you.
You visited 1 branch of the dungeon, and saw 13 of its levels.

You collected 2813 gold pieces.
You spent 650 gold pieces at shops.
You paid 47 gold pieces to Gozag.

Inventory:

Hand Weapons
 a - a +2 scimitar of freezing (weapon)
 d - a +0 war axe of flaming
 s - a +3 rapier of venom
 w - a +4 fustibalus of freezing
Missiles
 c - 45 poisoned darts (quivered)
 e - 6 javelins
 o - 84 sling bullets
 E - 91 bolts
 F - 7 boomerangs of dispersal
 J - 9 boomerangs
 P - 4 curare-tipped darts
Armour
 g - a +0 cloak (worn)
 n - a +3 leather armour of fire resistance (worn)
 q - a +1 tower shield (worn)
 y - a +2 pair of gloves (worn)
 G - the +3 hat of Pondering (worn) {ponderous, Will+ MP+10 Int+5}
   (You bought it in a shop on level 5 of the Dungeon)

   It affects your intelligence (+5).
   It affects your willpower, your defense against some magical effects.
   It affects your magic capacity (+10).
 I - a +1 pair of boots (worn)
Jewellery
 f - the ring "Vais" {rN+ Str+3}
   (You took it off a deep elf archer on level 13 of the Dungeon)

   [ring of positive energy]

   It affects your strength (+3).
   It protects you from negative energy.
 l - an amulet of guardian spirit (around neck)
 t - a ring of protection from cold (right hand)
Wands
 u - a wand of digging (12)
 H - a wand of charming (18)
 K - a wand of flame (9)
 L - a wand of mindburst (11)
Scrolls
 b - 10 scrolls of teleportation
 j - a scroll of fear
 k - 5 scrolls of magic mapping
 m - 4 scrolls of identify
 v - a scroll of amnesia
 O - 2 scrolls of immolation
Potions
 h - 4 potions of flight
 i - a potion of ambrosia
 r - 3 potions of might
 z - 4 potions of cancellation
 C - a potion of brilliance
 N - 2 potions of curing
Miscellaneous
 p - a condenser vane


   Skills:
 * Level 11.9 Fighting
 - Level 1.7 Long Blades
 - Level 1.0 Crossbows
 * Level 10.4 Armour
 - Level 3.4 Dodging
 - Level 1.0 Stealth
 * Level 9.7 Shields
 * Level 8.7 Evocations


You had 11 spell levels left.
You didn't know any spells.
Your spell library contained the following spells:

 Spells                   Type           Power        Failure   Level
 Animate Skeleton         Necr           0%           92%         1
 Apportation              Tloc           0%           92%         1
 Corona                   Hex            0%           92%         1
 Summon Small Mammal      Summ           0%           92%         1
 Ensorcelled Hibernation  Hex/Ice        0%           98%         2
 Poisonous Vapours        Pois/Air       0%           98%         2
 Confusing Touch          Hex            0%           100%        3
 Conjure Flame            Conj/Fire      0%           100%        3
 Dazzling Flash           Conj/Hex       0%           100%        3
 Gell's Gravitas          Tloc           0%           100%        3
 Lesser Beckoning         Tloc           0%           100%        3
 Mephitic Cloud           Conj/Pois/Air  0%           100%        3
 Tukima's Dance           Hex            0%           100%        3
 Petrify                  Tmut/Erth      0%           100%        4
 Alistair's Intoxication  Tmut/Pois      0%           100%        5
 Metabolic Englaciation   Hex/Ice        0%           100%        5
 Yara's Violent Unravell  Hex/Tmut       0%           100%        5
 Freezing Cloud           Conj/Ice/Air   0%           100%        6
 Invisibility             Hex            0%           100%        6


Dungeon Overview and Level Annotations

Branches:
Dungeon (13/15)            Temple (0/1) D:5            Lair (0/6) D:10
    Orc (0/2) D:9
 Vaults: D:13-14

Altars:
Dithmenos
Elyvilon
Gozag
Nemelex Xobeh
Ru
Wu Jian
Xom
Yredelemnul
Zin
The Shining One
Beogh

Shops:
D:5 [   D:6 !   D:7 =

Annotations:
D:6 2 transporters
D:7 1 runed translucent door, iamserjio's ghost, novice VSTm
D:9 3 runed translucent doors, TimeIsEndless's ghost, novice FoFi
D:13 Rupert


Innate Abilities, Weirdness & Mutations

You have a pair of small horns on your head.
You are mostly covered in thin metallic scales. (AC +3)


Message History

You resist with some effort.
You barely miss Rupert.
Rupert is heavily wounded.
Rupert hits you with a +0 triple sword of electrocution!!
You are electrocuted!
You slash Rupert! You freeze Rupert.
Rupert is heavily wounded.
Rupert hits you but does no damage. You block Rupert's attack.
You slash Rupert! You freeze Rupert.
Rupert is heavily wounded.
Rupert hits you but does no damage.
You hit Rupert. You freeze Rupert. Your headbutt misses Rupert.
Rupert is heavily wounded.
You block Rupert's attack.
You slash Rupert! You freeze Rupert. You headbutt Rupert.
Rupert is severely wounded.
Rupert roars wildly at you. You resist with some effort.
You barely miss Rupert.
Rupert is severely wounded.
Rupert is no longer moving quickly.
Rupert yells loudly at you. You resist with some effort.
Rupert roars madly and goes into a rage!
Rupert goes berserk!
You barely miss Rupert.
Rupert is severely wounded.
You block Rupert's attack.
You hit Rupert. You freeze Rupert.
Rupert is severely wounded.
You are no longer berserk.
You pass out from exhaustion.
You feel yourself slow down.
Rupert hits you with a +0 triple sword of electrocution!!
* * * LOW HITPOINT WARNING * * *
Rupert hits you with a +0 triple sword of electrocution!!
* * * LOW HITPOINT WARNING * * *
Rupert hits you with a +0 triple sword of electrocution!
You die...
Your body crumbles into a pile of gold.

#..##..##....##.l##.###
#..##..##....##.@##.#
#..##(.##....##..##.#
#..###..##..##..###.#
#...##?..#..#...##))#
#..)###........###.##
##...####(.o.####..#
#...@###########.##
##...@.######....#
##...........####
###...####### #####


You could see Rupert (berserk).

Vanquished Creatures
  A vault guard (D:13)
  2 hydras
  Nergalle (D:11)
  A deep elf archer (D:13)
  3 manticores (D:13)
  A deep elf pyromancer (D:13)
  2 ugly things (D:11)
  An orc sorcerer (D:12)
  3 cyclopes (D:12)
  2 gargoyles (D:13)
  A kobold demonologist (D:13)
  A komodo dragon (D:12)
  A yaktaur (D:13)
  Psyche (D:12)
  2 ice devils (D:13)
  3 hornets
  2 trolls
  6 slime creatures (D:12)
  2 shadows
  8 yaks
  4 wyverns
  2 wraiths (D:12)
  Eustachio (D:4)
  3 vampire mosquitoes (D:13)
  An acid dragon (D:12)
  Duvessa (D:4)
  A hornet zombie (D:11)
  3 orc warriors
  4 ice beasts
  4 sky beasts
  A black bear (D:7)
  An eye of draining (D:12)
  8 ogres
  2 necrophages
  2 centaurs
  2 phantoms
  4 kobold brigands
  15 bullfrogs
  A gnoll sergeant (D:10)
  Dowan (D:4)
  2 water moccasin zombies
  5 scorpions
  13 wights
  15 killer bees
  2 howler monkeys (D:8)
  An electric eel (D:12)
  A quasit (D:9)
  A bullfrog zombie (D:13)
  5 centaur zombies
  3 jellies
  10 orc priests
  11 hounds
  4 bullfrog skeletons
  4 centaur skeletons
  Ijyb (D:3)
  4 iguanas
  7 worker ants
  16 orc wizards
  A hound skeleton (D:7)
  A worker ant zombie (D:9)
  2 howler monkey skeletons
  A howler monkey zombie (D:8)
  8 gnolls
  10 adders
  A shadow imp (D:7)
  2 ufetubi
  2 oozes
  An adder zombie (D:3)
  4 worms
  An adder skeleton (D:4)
  3 dart slugs
  7 leopard geckos
  61 orcs
  2 ball pythons
  3 bats
  7 giant cockroaches
  4 goblins (D:3)
  5 hobgoblins
  14 jackals
  9 quokkas
  5 frilled lizards
  22 kobolds
  A leopard gecko zombie (D:7)
  A quokka zombie (D:5)
  7 rats
395 creatures vanquished.

Vanquished Creatures (collateral kills)
  A killer bee (D:10)
1 creature vanquished.

Vanquished Creatures (others)
  An orc wizard (D:11)
  14 plants (D:12)
15 creatures vanquished.

Grand Total: 411 creatures vanquished

Notes
Turn   | Place    | Note
-------+----------+-------------------------------------------
     0 | D:1      | Chiseanne the Demonspawn Wanderer began the quest for the
                  | Orb.
     0 | D:1      | Chiseanne set off with the following items: a +2 falchion,
                  | a scroll of teleportation, a potion of lignification, a +0
                  | robe
     0 | D:1      | Reached XP level 1. HP: 19/19 MP: 1/1
   304 | D:1      | Gained mutation: You have a pair of small horns on your
                  | head. [demonic ancestry]
   304 | D:1      | Reached XP level 2. HP: 25/25 MP: 2/2
   371 | D:1      | Reached skill level 1 in Dodging
  1240 | D:2      | Reached XP level 3. HP: 31/31 MP: 3/3
  1313 | D:2      | Found a white marble altar of Elyvilon.
  1622 | D:2      | Found a glowing silver altar of Zin.
  1625 | D:2      | Found a sparkling altar of Nemelex Xobeh.
  1629 | D:2      | Found a basalt altar of Yredelemnul.
  2114 | D:3      | Noticed Ijyb
  2117 | D:3      | Paralysed by Ijyb for 4 turns
  2122 | D:3      | Paralysed by Ijyb for 6 turns
  2141 | D:3      | Killed Ijyb
  2142 | D:3      | Gained mutation: You are partially covered in thin metallic
                  | scales. (AC +2) [demonic ancestry]
  2142 | D:3      | Reached XP level 4. HP: 31/38 MP: 4/4
  2499 | D:3      | Gained mutation: You are mostly covered in thin metallic
                  | scales. (AC +3) [demonic ancestry]
  2499 | D:3      | Reached XP level 5. HP: 36/43 MP: 5/5
  2910 | D:3      | Reached skill level 5 in Fighting
  3037 | D:4      | Noticed Dowan
  3037 | D:4      | Noticed Duvessa
  3078 | D:4      | Killed Duvessa
  3079 | D:4      | Reached XP level 6. HP: 24/51 MP: 6/6
  3087 | D:4      | Killed Dowan
  3318 | D:4      | Noticed Eustachio
  3668 | D:4      | Reached XP level 7. HP: 54/57 MP: 7/7
  3720 | D:4      | Reached skill level 1 in Shields
  3733 | D:4      | Reached skill level 6 in Fighting
  4274 | D:4      | Killed Eustachio
  4517 | D:5      | Entered Level 5 of the Dungeon
  4709 | D:5      | Found an opulent altar of Gozag.
  4718 | D:5      | Reached XP level 8. HP: 61/65 MP: 8/8
  4926 | D:5      | Reached skill level 5 in Armour
  5073 | D:5      | Found a staircase to the Ecumenical Temple.
  5164 | D:5      | Reached skill level 7 in Fighting
  5284 | D:5      | Found an ornate altar of the Wu Jian Council.
  5284 | D:5      | Found a shimmering altar of Xom.
  5553 | D:5      | Found Utuin's Armour Emporium.
  5765 | D:5      | Became a worshipper of Gozag Ym Sagoz the Greedy
  6125 | D:6      | Found Casuruss's Distillery.
  6133 | D:6      | Bought a potion of haste for 110 gold pieces
  6133 | D:6      | Bought a potion of attraction for 33 gold pieces
  6133 | D:6      | Bought a potion of brilliance for 44 gold pieces
  6133 | D:6      | Bought a potion of might for 44 gold pieces
  6336 | D:6      | Found a sacrificial altar of Ru.
  6338 | D:6      | Found a transporter.
  6361 | D:6      | Found a transporter.
  6687 | D:7      | Reached skill level 8 in Fighting
  6687 | D:7      | Reached XP level 9. HP: 24/74 MP: 9/9
  6724 | D:7      | Reached skill level 5 in Shields
  7177 | D:7      | Found Davibadgh's Jewellery Boutique.
  7483 | D:7      | Found a shadowy altar of Dithmenos.
  7523 | D:7      | Found a runed translucent door.
  7531 | D:7      | Noticed iamserjio's ghost (novice VSTm)
  8647 | D:8      | Reached skill level 9 in Fighting
  9137 | D:8      | Reached XP level 10. HP: 83/83 MP: 10/10
  9294 | D:5      | Bought the +3 hat of Pondering {ponderous, Will+ MP+10
                  | Int+5} for 419 gold pieces
  9294 | D:5      | Found the +3 hat of Pondering {ponderous, Will+ MP+10
                  | Int+5}
  9841 | D:9      | Found a glowing golden altar of the Shining One.
 10037 | D:9      | Found a staircase to the Orcish Mines.
 10720 | D:10     | Entered Level 10 of the Dungeon
 11189 | D:10     | HP: 4/83 [poisoned by a killer bee]
 11196 | D:10     | HP: 4/83 [poisoned by a killer bee]
 11203 | D:10     | HP: 4/83 [poisoned by a killer bee]
 11245 | D:10     | HP: 4/83 [poisoned by a killer bee]
 11684 | D:10     | Found a roughly hewn altar of Beogh.
 11836 | D:10     | Found a staircase to the Lair.
 12415 | D:9      | Found a runed translucent gate.
 12415 | D:9      | Found a runed translucent gate.
 12416 | D:9      | Found a runed translucent gate.
 12427 | D:9      | Noticed a spectral centaur warrior
 12428 | D:9      | Noticed TimeIsEndless's ghost (novice FoFi)
 12785 | D:11     | Noticed Nergalle
 12800 | D:11     | Killed Nergalle
 12801 | D:11     | Reached skill level 5 in Evocations
 12961 | D:11     | Reached skill level 10 in Fighting
 13751 | D:11     | Reached XP level 11. HP: 91/91 MP: 11/11
 14295 | D:11     | Noticed a red ugly thing
 14312 | D:11     | Killed a red ugly thing
 14501 | D:11     | Noticed a green ugly thing
 14506 | D:11     | Killed a green ugly thing
 14637 | D:12     | Noticed Psyche
 14776 | D:12     | Noticed a four-headed hydra
 14786 | D:12     | Killed a one-headed hydra
 14845 | D:12     | Noticed an orc sorcerer
 14853 | D:12     | Noticed a sixfirhy
 14858 | D:12     | Killed an orc sorcerer
 15131 | D:12     | Killed Psyche
 15680 | D:12     | Reached skill level 11 in Fighting
 17199 | D:13     | Noticed a deep elf pyromancer
 17238 | D:13     | Killed a deep elf pyromancer
 17239 | D:13     | Reached XP level 12. HP: 51/100 MP: 12/12
 18528 | D:13     | Noticed a four-headed hydra
 18530 | D:13     | Noticed a vault guard
 18713 | D:13     | Reached skill level 10 in Armour
 18902 | D:13     | Noticed Rupert
 19243 | D:13     | Killed a one-headed hydra
 19859 | D:13     | Killed a vault guard
 19946 | D:13     | Identified the ring "Vais" {rN+ Str+3}
 20381 | D:13     | Paralysed by Rupert for 7 turns
 20408 | D:13     | Mangled by Rupert

Illustrated notes

Levels and vault maps discovered:
D:1:      ncdulo_halloftheorcs, layout_basic, dk_noncrumbling_3
D:2:      layout_basic, grunt_temple_overflow_diamond, lemuel_crystal_altar,
          serial_glass, glass_columns_c, glass_columns_a
D:3:      layout_basic, minmay_distorted, uniq_ijyb
D:4:      layout_basic, nicolae_underground_beach, uniq_eustachio, uniq_duvessa
D:5:      layout_loops_ring, grunt_gozag_statues,
          gammafunk_temple_overflow_wave, temple_statues, serial_shops,
          kennysheep_mini_moat, supply_closet_lemuel, nrook_loot_triangle
D:6:      layout_loops_ring, gammafunk_temple_overflow_arena, serial_shops,
          nicolae_shop_temple_entry_statues_fountains, corexii_shack
D:7:      layout_rooms, nicolae_dithmenos_shadow_blocks, serial_shops, shop,
          ebering_ghost_reflecting_pool
D:8:      layout_loops_ring
D:9:      layout_irregular_city, old_standard_altar, orc_0_dummy,
          gammafunk_ghost_necromancy
D:10:     layout_long_grid, lair_entry_dummy, special_room [special_room_orc]
D:11:     layout_roguey, uniq_nergalle
D:12:     nzn_winding_woodlands_cross [nzn_winding_woodlands_5x15_concentric,
          nzn_winding_woodlands_5x15_eye,
          nzn_winding_woodlands_5x15_lazy_stream,
          nzn_winding_woodlands_5x15_pathside_ponds,
          nzn_winding_woodlands_15x15_eel_pit], layout_long_grid, uniq_psyche
D:13:     layout_cave_pools, david_vaults_5, portal_ice_cave_demonic_guard,
          minmay_mirror_moons_of_madness, uniq_rupert

Skill      XL: |  1  2  3  4  5  6  7  8  9 10 11 12 |
---------------+-------------------------------------+-----
Dodging        | 1 2 3 |  3.4
Armour         | 2 3 4 6 7 8 9 10 | 10.4
Fighting       | 5 6 8 9 10 11 | 11.9
Shields        | 3 4 6 7 9 |  9.7
Evocations     | 3 5 7 8 |  8.7
Long Blades    | |  1.7
Crossbows      | |  1.0
Stealth        | |  1.0

Action                   |  1- 3 |  4- 6 |  7- 9 | 10-12 || total
-------------------------+-------+-------+-------+-------++-------
Melee: Falchion          |   121 |   120 |   126 |       ||   367
       Headbutt          |    23 |    26 |    97 |   259 ||   405
       Rapier            |       |       |   287 |   289 ||   576
       Flail             |       |       |    16 |       ||    16
       Scimitar          |       |       |     8 |   614 ||   622
       War axe           |       |       |       |    90 ||    90
Throw: Dart              |       |       |       |    60 ||    60
Evoke: Wand              |       |     4 |    11 |     9 ||    24
       Condenser vane    |       |       |       |     1 ||     1
  Use: Scroll            |     3 |     2 |     6 |    10 ||    21
       Potion            |     1 |     1 |       |     8 ||    10
 Stab: Distracted        |     1 |       |     1 |     4 ||     6
       Paralysed         |       |    11 |    11 |       ||    22
       Sleeping          |       |     1 |     5 |     5 ||    11
Armor: Robe              |     1 |       |       |       ||     1
       Ring mail         |    50 |       |       |       ||    50
       Scale mail        |       |    48 |       |       ||    48
       Skin              |       |    10 |       |       ||    10
       Leather armour    |       |     9 |   216 |   507 ||   732
Dodge: Dodged            |    67 |    57 |   128 |   464 ||   716
Block: Tower shield      |       |     8 |   336 |  1195 ||  1539
       Rpst.: Falchion   |    19 |    19 |    17 |       ||    55
       Scimitar          |       |       |       |    86 ||    86

Table legend: (Time is in decaauts)
 A = Elapsed time spent in this place.
 B = Non-inter-level travel time spent in this place.
 C = Inter-level travel time spent in this place.
 D = Time resting spent in this place.
 E = Time spent auto-exploring this place.
 F = Levels seen in this place.
 G = Mean time per level.
                   A        B        C        D        E       F      G
               +--------+--------+--------+--------+--------+-----+--------+
         Total |  21785 |  21059 |    726 |   6341 |   9913 |  13 | 1675.8 |
       Dungeon |  21785 |  21059 |    726 |   6341 |   9913 |  13 | 1675.8 |
               +--------+--------+--------+--------+--------+-----+--------+

Top non-repeatable levels by time:
    D:13: 3291 daAuts
    D:12: 2946 daAuts
    D:11: 2174 daAuts
    D:10: 1826 daAuts
     D:9: 1692 daAuts
     D:4: 1631 daAuts
     D:8: 1531 daAuts
     D:5: 1480 daAuts
     D:7: 1290 daAuts
     D:3: 1246 daAuts
     D:1: 1059 daAuts
     D:6: 918 daAuts
     D:2: 697 daAuts
